 Dungeon Crawl Stone Soup version 0.31-a0-986-g5e6e4ef867 (webtiles) character file.

Game seed: 12363556467132718331

1541183 Monkooky the Imperceptible (level 23, 217/217 HPs)
             Began as a Naga Venom Mage on Nov 3, 2023.
             Was the Champion of Ashenzari.
             Escaped with the Orb
             ... and 3 runes on Nov 23, 2023!
             The game lasted 04:23:43 (64236 turns).

Monkooky the Imperceptible (Naga Venom Mage)       Turns: 64236, Time: 04:23:43

Health: 217/217    AC: 31    Str: 13 (15) XL:     23   Next: 5%
Magic:  40/40      EV: 16    Int: 30 (32) God:    Ashenzari [******]
Gold:   890        SH: 21    Dex: 14      Spells: 15/57 levels left

rFire   + + .        K - +3 demon blade "Chained With Me" {protect, Elem, Self} (curse)
rCold   + + .        J - +2 kite shield "Sublime Skepticism" {Fort, Dev} (curse)
rNeg    . . .        O - +5 robe of Night {Dark Will+ SInv, Fort, Melee} (curse)
rPois   +            S - +2 helmet of Toth-Mos's Legacy {SInv, Cun, Bglg} (curse)
rElec   +            f - +1 cloak "Per Aspera Ad Scientiam" {Will+, Self, Dev} (curse)
rCorr   .            q - +2 pair of gloves "Restrained Together" {Stlth+, Elem, Bglg} (curse)
SInv    +            D - +0 barding "Shattered Together" {rF+ rC+ Int+3, Elem, Fort} (curse)
Will    +++++        H - amulet "Mistrust of Ashenzari" {Reflect +Blink rC++ SH+5, Comp, Elem} (curse)
Stlth   ++++         l - ring of Ashenzari's Seer {rF+ Int+7, Dev, Comp} (curse)
HPRegen 0.56/turn    n - ring of Ashenzari's Servitude {rElec Will+ EV+5, Self, Fort} (curse)
MPRegen 0.27/turn

%: reflection, clarity
@: studying 2 skills, very slow
A: AC +7, large, see invisible, deformed body, poison resistance, slowness 2,
spit poison 1, naga tail 2, stinger 1, thin skeletal structure 1, dopey 1, low
MP 1, strong 1, cold vulnerability 1
0: Orb of Zot
}: 3/15 runes: barnacled, slimy, gossamer
a: Spit Poison, Renounce Religion, Evoke Blink, Shatter the Chains


You escaped.
You worshipped Ashenzari.
Ashenzari was exalted by your worship.
You visited 9 branches of the dungeon, and saw 47 of its levels.
You visited 1 bazaar.
You also visited: Bailey.

You collected 7034 gold pieces.
You spent 6144 gold pieces at shops.

Inventory:

Hand Weapons
 K - the cursed +3 demon blade "Chained With Me" (weapon) {protect, Elem, Self}
   (You found it on level 5 of the Dungeon)

   It has a curse which improves the following skills: Elements: Fire Magic, Ice
   Magic, Air Magic and Earth Magic.
   Introspection: Fighting and Spellcasting.
Missiles
 G - 4 curare-tipped darts
 U - 7 throwing nets
Armour
 f - the cursed +1 cloak "Per Aspera Ad Scientiam" (worn) {Will+, Self, Dev}
   (You took it off Crazy Yiuf on level 4 of the Dungeon)

   It has a curse which improves the following skills: Introspection: Fighting
   and Spellcasting.
   Devices:   Evocations and Shapeshifting.
 k - the +0 helmet "Renenim" {rPois Will+ Str+7}
   (You bought it in a shop on level 4 of the Depths)

   Str+7:     It affects your strength (+7).
   rPois:     It protects you from poison Will+: It increases your willpower.
 q - the cursed +2 pair of gloves "Restrained Together" (worn) {Stlth+, Elem, Bglg}
   (You found it on level 10 of the Dungeon)

   It has a curse which improves the following skills: Elements: Fire Magic, Ice
   Magic, Air Magic and Earth Magic.
   Beguiling: Conjurations, Hexes and Translocations.
 D - the cursed +0 barding "Shattered Together" (worn) {rF+ rC+ Int+3, Elem, Fort}
   (You acquired it in a bailey)

   Int+3:     It affects your intelligence (+3).
   rF+:       It protects you from fire.
   rC+:       It protects you from cold.
   It has a curse which improves the following skills: Elements: Fire Magic, Ice
   Magic, Air Magic and Earth Magic.
   Fortitude: Armour and Shields.
 J - the cursed +2 kite shield "Sublime Skepticism" (worn) {Fort, Dev}
   (You took it off an orc warrior on level 5 of the Dungeon)

   It has a curse which improves the following skills: Fortitude: Armour and
   Shields.
   Devices:   Evocations and Shapeshifting.
 L - a +2 cloak of willpower
 O - the cursed +5 robe of Night (worn) {Dark Will+ SInv, Fort, Melee}
   (You took it off a deep elf sorcerer on level 3 of the Elven Halls)

   Dark:      It shrouds the wearer in darkness, reducing the range at which
   they can see and be seen by others.
   Will+:     It increases your willpower.
   SInv:      It lets you see invisible.
   It has a curse which improves the following skills: Fortitude: Armour and
   Shields.
   Melee Combat: Short Blades, Long Blades, Axes, Maces & Flails, Polearms,
   Staves and Unarmed Combat.
 S - the cursed +2 helmet of Toth-Mos's Legacy (worn) {SInv, Cun, Bglg}
   (You found it on level 3 of the Elven Halls)

   It has a curse which improves the following skills: Cunning: Dodging and
   Stealth.
   Beguiling: Conjurations, Hexes and Translocations.
Magical Staves
 V - a staff of cold
Jewellery
 l - the cursed ring of Ashenzari's Seer (left hand) {rF+ Int+7, Dev, Comp}
   (You took it off a deep elf demonologist on level 3 of the Elven Halls)

   [ring of protection from fire]

   Int+7:     It affects your intelligence (+7).
   rF+:       It protects you from fire.
   It has a curse which improves the following skills: Devices: Evocations and
   Shapeshifting.
   Companions: Summonings and Necromancy.
 n - the cursed ring of Ashenzari's Servitude (right hand) {rElec Will+ EV+5, Self, Fort}
   (You bought it in a shop on level 3 of the Elven Halls)

   [ring of evasion]

   EV+5:      It affects your evasion (+5).
   rElec:     It insulates you from electricity.
   Will+:     It increases your willpower.
   It has a curse which improves the following skills: Introspection: Fighting
   and Spellcasting.
   Fortitude: Armour and Shields.
 H - the cursed amulet "Mistrust of Ashenzari" (around neck) {Reflect +Blink rC++ SH+5, Comp, Elem}
   (You bought it in a shop on level 3 of the Shoals)

   [amulet of reflection]

   Reflect:   It reflects blocked missile attacks.
   rC++:      It greatly protects you from cold.
   +Blink:    It lets you blink.
   SH+5:      It affects your SH (+5).
   It has a curse which improves the following skills: Companions: Summonings
   and Necromancy.
   Elements:  Fire Magic, Ice Magic, Air Magic and Earth Magic.
Wands
 o - a wand of flame (15)
 y - a wand of paralysis (50)
 z - a wand of roots (31)
 R - a wand of light (9)
 T - a wand of mindburst (24)
Scrolls
 e - 7 scrolls of noise
 m - 3 scrolls of teleportation
 s - 4 scrolls of enchant weapon
 w - 4 scrolls of fog
 E - 4 scrolls of fear
 F - a scroll of vulnerability
 I - a scroll of revelation
 N - 4 scrolls of amnesia
 X - 5 scrolls of immolation
 Y - 6 scrolls of poison
 Z - 4 scrolls of silence
Potions
 a - 4 potions of attraction
 b - 7 potions of magic
 c - 3 potions of resistance
 d - 8 potions of mutation
 g - 2 potions of haste
 i - 2 potions of brilliance
 r - 12 potions of curing
 t - 2 potions of ambrosia
 v - 3 potions of invisibility
 A - 7 potions of might
 C - 6 potions of enlightenment
 Q - 2 potions of berserk rage
 W - 3 potions of lignification
Miscellaneous
 j - a lightning rod (4/4)
 p - a condenser vane
 x - a sack of spiders (inert)
 P - a phial of floods


   Skills:
 + Level 10.5(15.2) Fighting
 - Level 6.5(12.3) Short Blades
 - Level 13.3(16.2) Long Blades
 - Level 4.0 Throwing
 + Level 7.9(13.5) Armour
 + Level 7.9(10.4) Dodging
 + Level 23.1(25.2) Stealth
 + Level 10.9(16.6) Shields
 - Level 12.9(17.6) Spellcasting
 - Level 1.2(3.4) Conjurations
 - Level 2.0(4.6) Necromancy
 - Level 2.3 Transmutations
 - Level 15.0(20.6) Fire Magic
 - Level 21.0(26.3) Ice Magic
 - Level 1.3(4.6) Air Magic
 - Level 8.7 Poison Magic
 + Level 9.0(13.7) Evocations


You had 15 spell levels left.
You knew the following spells:

 Your Spells              Type           Power      Damage    Failure   Level
a - Sting                 Tmut/Pois      100%       1d8       1%          1
b - Mephitic Cloud        Conj/Pois/Air  56%        N/A       1%          3
c - Olgreb's Toxic Radia  Pois           68%        N/A       1%          4
d - Ozocubu's Armour      Ice            100%       N/A       0%          3
e - Ozocubu's Refrigerat  Ice            55%        4d19      1%          7
f - Ignite Poison         Fire/Tmut/Pois 74%        N/A       1%          3
g - Frozen Ramparts       Ice            100%       1d16      0%          3
h - Polar Vortex          Ice            55%        12d7*     6%          9
i - Ignition              Fire           50%        3d14      3%          8
j - Apportation           Tloc           58%        N/A       2%          1

Your spell library contained the following spells:

 Spells                   Type           Power      Damage    Failure   Level
 Freeze                   Ice            100%       1d10      0%          1
 Scorch                   Fire           100%       2d9       0%          2
 Necrotise                Necr           100%       1d9       1%          1
 Shock                    Conj/Air       100%       1d9       1%          1
 Cigotuvi's Dreadful Rot  Necr/Pois/Air  100%       N/A       1%          2
 Momentum Strike          Conj/Tloc      76%        3d10      1%          2
 Poisonous Vapours        Pois/Air       100%       N/A       1%          2
 Static Discharge         Conj/Air       100%       3-8/arc   1%          2
 Wereblood                Tmut           40%        N/A       1%          2
 Hailstorm                Conj/Ice       86%        3d17      1%          3
 Inner Flame              Hex/Fire       74%        N/A       1%          3
 Swiftness                Air            52%        N/A       1%          3
 Volatile Blastmotes      Fire/Tloc      100%       2d18      1%          3
 Flame Wave               Conj/Fire      78%        2d17      1%          4
 Sticky Flame             Conj/Fire      78%        2d9       1%          4
 Simulacrum               Ice/Necr       44%        N/A       1%          6
 Summon Small Mammal      Summ           100%       N/A       2%          1
 Blink                    Tloc           58%        N/A       3%          2
 Jinxbite                 Hex            58%        N/A       3%          2
 Lesser Beckoning         Tloc           58%        N/A       3%          2
 Airstrike                Air            26%        2d(4-20)  4%          4
 Animate Dead             Necr           53%        N/A       4%          4
 Summon Guardian Golem    Hex/Summ       29%        N/A       7%          3
 Alistair's Intoxication  Tmut/Pois      37%        N/A       8%          5
 Anguish                  Hex/Necr       20%        N/A       10%         4
 Summon Lightning Spire   Summ/Air       41%        N/A       10%         4
 Fulminant Prism          Conj/Hex       19%        3d10      12%         4
 Iskenderun's Mystic Bla  Conj/Tloc      38%        2d9       12%         4
 Arcjolt                  Conj/Air       25%        1d35      16%         5
 Animate Armour           Summ/Erth      60%        N/A       21%         4
 Manifold Assault         Tloc           29%        N/A       22%         4
 Borgnjor's Vile Clutch   Necr/Erth      21%        N/A       24%         5
 Lee's Rapid Deconstruct  Erth           15%        3d10*     47%         5
 Death Channel            Necr           26%        N/A       54%         6
 Conjure Ball Lightning   Conj/Air       25%        3x3d7     63%         6
 Dispersal                Tloc           14%        N/A       98%         6
 Orb of Destruction       Conj           23%        9d8       99%         7
 Haunt                    Necr/Summ      20%        N/A       100%        7
 Spellforged Servitor     Conj/Summ      19%        N/A       100%        7
 Discord                  Hex            14%        N/A       100%        8
 Disjunction              Tloc           14%        N/A       100%        8
 Death's Door             Necr           26%        N/A       100%        9


Dungeon Overview and Level Annotations

Branches:
Dungeon (15/15)            Temple (0/1) D:6            Lair (5/5) D:10
 Shoals (4/4) Lair:2       Spider (4/4) Lair:3        Slime (5/5) Lair:5
    Orc (2/2) D:12            Elf (3/3) Orc:2        Vaults (0/5) D:14
 Depths (4/4) D:15            Zot (5/5) Depths:4     Bailey (visited)

Altars:
Ashenzari
Dithmenos
Elyvilon
Gozag
Kikubaaqudgha
Okawaru
Ru
Trog
Uskayaw
Vehumet
Xom
Yredelemnul
Jiyva
Lugonu

Shops:
D:3 [   D:8 :   D:11 *   D:13 [   Orc:2 [[*(   Elf:3 =   Shoals:3 *[*(
Depths:4 [[[

Portals:
Hell: Depths:3 Depths:4
Abyss: Lair:5

Annotations:
D:4 Dowan, Duvessa
D:14 2 runed translucent doors, Stellion's ghost, journeyman MiFi
Lair:2 exclusion: downstairs
Spider:2 3 runed translucent doors, Efitz's ghost, adept DECj
Spider:3 exclusion: downstairs
Elf:2 3 runed translucent doors
Zot:2 2 runed translucent doors, Sirjeffry24's ghost, legendary FoFi


Innate Abilities, Weirdness & Mutations

Your serpentine skin is tough. (AC +7)
You have supernaturally acute eyesight. (SInv)
Armour fits poorly on your strangely shaped body.
Your system is resistant to poisons. (rPois)
You cover ground very slowly.
You can spit poison.
You can use your snake-like lower body to constrict enemies.
Your tail ends in a venomous barb.
You have a somewhat thin skeletal structure. (Dex +2, Stealth+)
You are dopey. (Int -2)
Your magical capacity is low. (-10% MP)
Your muscles are strong. (Str +4, Int/Dex -1)
You are vulnerable to cold. (rC-)


Message History

You slash the tormentor!
The tormentor is moderately wounded.
You constrict the tormentor. The tormentor misses you.
You block the tormentor's attack.
You slash the tormentor!
The tormentor is severely wounded.
You constrict the tormentor, but do no damage.
You block the tormentor's attack.
The tormentor hits you but does no damage.
You slash the tormentor!
The tormentor is almost dead.
You constrict the tormentor.
You kill the tormentor!
You close the door.
Things that are here:
a +0 leather armour; a +0 mace
There is an open door here.
There is an open door here.
You close the door.
There is a stone staircase leading up, spattered with blood here.
You climb upwards.
Level annotation: Dowan, Duvessa
There is a stone staircase leading down, spattered with blood here.
What level of the Dungeon? (default 1, ? - help)
Things that are here:
a +0 scale mail; a +0 long sword You see here 5 stones.
There is a stone staircase leading up here.
You climb upwards.
There is a stone staircase leading down here.
There is a stone staircase leading up here.
You climb upwards.
There is a stone staircase leading down here.
There is a stone staircase leading up here.
You climb upwards.
There is a stone staircase leading down here.
You see here a +0 short sword.
There is an open door here.
There is a staircase leading out of the dungeon here.
You have escaped!

#.#..........#..
#.#...#.######.#
#.###.#.# #.#
#.....#.# #.#
##########†# #.#
#.......##.# #.#
#.....[..+.# #.#
#.......##.# #.#
#.@.###>##.# #.#
#.......##.# #.#
#........'.######.#
#.......##.)......#
###################


There were no monsters in sight!

Vanquished Creatures
  Dissolution (Slime:3)
  the Royal Jelly (Slime:5)
  A dread lich (Zot:5)
  An orb of fire (Zot:3)
  Mara (Shoals:4)
  A juggernaut (Depths:4)
  A Killer Klown (Zot:5)
  Bai Suzhen (Spider:4)
  A golden dragon (Depths:4)
  5 tentacled monstrosities
  Zenata (Elf:2)
  3 deep elf blademasters (Elf:3)
  16 Orb Guardians
  2 deep elf master archers (Elf:3)
  A quicksilver dragon (Zot:5)
  An Executioner (Depths:1)
  17 acid blobs
  4 death cobs
  Kirke (D:15)
  Frances (Shoals:1)
  A shadow dragon (Zot:4)
  A tengu reaver (Depths:2)
  4 storm dragons
  3 draconian knights
  A draconian monk (Zot:3)
  10 azure jellies (Slime:5)
  10 rockslimes
  3 fire giants (Depths:4)
  5 emperor scorpions (Spider:4)
  Ilsuiw (Shoals:2)
  An iron dragon (Depths:4)
  4 ghost moths
  A deep elf elementalist (Elf:3)
  6 deep elf sorcerers
  3 frost giants
  3 draconian scorchers
  2 draconian annihilators
  An orc warlord (Orc:1)
  3 stone giants
  3 broodmothers
  14 very ugly things
  2 black draconians (Zot:5)
  13 quicksilver oozes
  A vampire knight (Depths:4)
  6 deep elf demonologists (Elf:3)
  2 white draconians (Zot:3)
  7 green draconians
  Nessos (D:14)
  6 deep elf annihilators
  3 purple draconians (Zot:3)
  7 red draconians
  5 spark wasps
  3 yellow draconians
  Snorg (D:11)
  5 ettins
  3 deep elf death magi (Elf:3)
  Josephine (Shoals:1)
  A yaktaur captain (Depths:4)
  11 fire dragons
  10 merfolk impalers
  3 entropy weavers
  10 deep elf high priests (Elf:3)
  Fannar (Lair:3)
  4 merfolk javelineers
  An ice dragon (Depths:4)
  Harold (D:9)
  3 jorogumos
  4 vault guards (D:14)
  The ghost of jasper the Severer, a journeyman MeFi (D:10)
  A salamander tyrant (D:13)
  8 hydras
  2 great orbs of eyes (Slime:5)
  A death knight (D:15)
  2 merfolk avatars (Shoals:4)
  An anaconda (shapeshifter) (Depths:3)
  2 spriggan air magi (Depths:4)
  6 centaur warriors
  2 radroaches (Spider:1)
  3 satyrs
  A catoblepas (D:14)
  2 alligator snapping turtles
  18 dancing weapons
  4 merfolk aquamancers (Shoals:4)
  4 two-headed ogres
  8 boulder beetles
  7 death scarabs (Spider:4)
  3 tengu warriors
  10 death yaks (Lair:5)
  3 spriggan berserkers
  3 orc high priests (Orc:2)
  3 thrashing horrors (Lair:5)
  7 demonic crawlers
  4 deep troll earth magi
  11 hell knights
  A soul eater (Zot:4)
  Amaemon (Lair:3)
  A skeletal warrior (D:15)
  10 deep elf knights
  2 sun demons
  5 iron trolls
  6 skysharks
  3 pharaoh ants (Spider:4)
  5 deep trolls
  2 glowing orange brains
  3 swamp dragons (Lair:2)
  8 orb spiders
  4 deep elf archers
  A deep troll (shapeshifter) (Lair:5)
  12 sea snakes
  7 steelbarb worms
  An orange crystal statue (D:10)
  An arcanist (D:14)
  14 orc knights
  A shadow demon (Zot:3)
  2 spectral wolf spiders (Spider:4)
  2 phantasmal warriors (Depths:4)
  17 deep elf zephyrmancers
  2 necromancers
  24 harpies
  29 deep elf pyromancers
  A spectral jorogumo (Spider:4)
  Pikel (D:4)
  5 cyclopes
  7 orc sorcerers
  19 ugly things
  5 oklob plants (Lair:5)
  20 wolf spiders
  15 manticores
  11 fauns
  13 moths of wrath
  20 elephants
  11 water nymphs
  5 black mambas
  Joseph (D:7)
  15 merfolk sirens
  3 eyes of devastation
  2 smoke demons (Lair:5)
  16 cane toads
  A gargoyle (D:11)
  3 torpor snails
  An orange demon (Lair:3)
  2 kobold demonologists (Bailey)
  An unseen horror (D:11)
  5 yaktaurs (D:15)
  7 komodo dragons
  3 efreet (D:13)
  3 rime drakes (Lair:5)
  3 tengu conjurers
  An ice devil (D:5)
  A freezing wraith (D:15)
  4 spectral redbacks (Spider:4)
  A tormentor (D:5)
  A red devil (Zot:2)
  3 redback zombies (Spider:4)
  47 merfolk
  5 trolls
  A queen bee (shapeshifter) (Elf:1)
  6 meliai
  5 hornets
  2 spectral jumping spiders (Spider:4)
  3 wind drakes
  20 blink frogs
  A wolf spider simulacrum (D:12)
  28 dream sheep
  A wind drake (shapeshifter) (Elf:1)
  22 tarantellas
  A tarantella zombie (Spider:4)
  4 glass eyes
  A raiju (Lair:5)
  64 slime creatures
  5 snapping turtles
  26 jumping spiders
  54 yaks
  3 ynoxinuls (Lair:5)
  20 culicivoras
  3 spriggans
  Sigmund (D:4)
  2 shadows (D:10)
  A vampire (D:14)
  2 air elementals
  7 wraiths
  6 water elementals
  Eustachio (D:4)
  6 wyverns
  5 fire elementals
  6 hogs (D:15)
  6 basilisks
  4 golden eyes
  A chaos spawn (Lair:5)
  33 redbacks
  4 vampire mosquitoes (Lair:2)
  Menkaure (D:5)
  6 acid dragons
  9 wargs
  16 water moccasins
  29 orc warriors
  A sky beast (D:7)
  3 black bears
  2 ice beasts (D:5)
  4 ogres
  A wolf (shapeshifter) (Lair:5)
  20 wolves
  11 centaurs
  A lemure (D:4)
  A phantom (D:7)
  3 kobold brigands
  20 bullfrogs
  3 gnoll sergeants
  An earth elemental (Elf:1)
  6 scorpions
  3 wights
  A hornet simulacrum (D:15)
  11 killer bees
  3 howler monkeys (D:7)
  7 electric eels (Bailey)
  A lava snake (D:7)
  10 small abominations (Lair:5)
  3 jellies
  12 orc priests
  4 hounds
  Crazy Yiuf (D:4)
  2 sleepcaps
  Ijyb (D:4)
  6 iguanas
  24 orc wizards
  Robin (D:4)
  10 adders
  16 gnolls
  A white imp (D:7)
  5 worms
  A dart slug (D:1)
  72 orcs
  8 bats
  10 endoplasms
  10 giant cockroaches
  28 goblins
  22 hobgoblins
  6 jackals
  5 quokkas
  8 ball pythons
  2 frilled lizards
  24 kobolds
  6 rats
  3 spectral weapons (Spider:4)
1619 creatures vanquished.

Vanquished Creatures (others)
  A demonic crawler (Spider:4)
  A centaur simulacrum (D:14)
  A harpy simulacrum (D:14)
  An orc priest (Orc:2)
  An orc wizard (Orc:2)
  An orc (Orc:2)
6 creatures vanquished.

Grand Total: 1625 creatures vanquished

Notes
Turn   | Place    | Note
-------+----------+-------------------------------------------
     0 | D:1      | Monkooky the Naga Venom Mage began the quest for the Orb.
     0 | D:1      | Reached XP level 1. HP: 15/15 MP: 3/3
   230 | D:1      | Reached XP level 2. HP: 22/22 MP: 1/5
   362 | D:1      | Found a faded altar of an unknown god.
   366 | D:1      | Prayed at the altar of an unknown god.
   366 | D:1      | Became a worshipper of Xom the Begetter of Turbulence
   422 | D:1      | Fell from the grace of Xom
   671 | D:1      | Reached skill level 4 in Stealth
   788 | D:1      | Reached XP level 3. HP: 27/28 MP: 2/6
   801 | D:1      | XOM: noise
   934 | D:1      | Learned a level 3 spell: Mephitic Cloud
  1082 | D:1      | XOM: give mutations
  1082 | D:1      | Gained mutation: You do not regenerate when monsters are
                  | visible. [Xom's mischief]
  1082 | D:1      | Gained mutation: A frigid envelope surrounds you and
                  | freezes all who hurt you. [Xom's mischief]
  1082 | D:1      | Gained mutation: You expend magic power (3 MP) to
                  | strengthen your wands. [Xom's mischief]
  1082 | D:1      | Gained mutation: You occasionally lose the ability to drink
                  | potions when taking damage. [Xom's mischief]
  1183 | D:1      | Reached skill level 5 in Stealth
  1579 | D:2      | Reached XP level 4. HP: 31/36 MP: 5/7
  1702 | D:2      | Reached skill level 1 in Conjurations
  1756 | D:2      | Reached skill level 1 in Air Magic
  1924 | D:2      | Found a shimmering altar of Xom.
  2377 | D:3      | Found Enam's Antique Armour Boutique.
  2431 | D:2      | Learned a level 4 spell: Olgreb's Toxic Radiance
  2446 | D:3      | Found a shadowy altar of Dithmenos.
  2448 | D:3      | Reached XP level 5. HP: 42/42 MP: 4/8
  2632 | D:3      | Reached skill level 5 in Poison Magic
  3191 | D:3      | Reached XP level 6. HP: 49/49 MP: 7/9
  3228 | D:3      | XOM: give mutations
  3228 | D:3      | Lost mutation: You expend magic power (3 MP) to strengthen
                  | your wands. [Xom's mischief]
  3228 | D:3      | Gained mutation: You have a pair of small antennae on your
                  | head. [Xom's mischief]
  3279 | D:3      | XOM: give mutation
  3279 | D:3      | Gained mutation: You are weak. (Str -2) [Xom's mischief]
  3406 | D:4      | Noticed Eustachio
  3407 | D:4      | Noticed Robin
  3411 | D:4      | Killed Robin
  3426 | D:4      | Killed Eustachio
  3427 | D:4      | Reached XP level 7. HP: 44/55 MP: 3/10
  3564 | D:4      | XOM: give mutations
  3564 | D:4      | Lost mutation: You occasionally lose the ability to drink
                  | potions when taking damage. [Xom's mischief]
  3564 | D:4      | Lost mutation: You do not regenerate when monsters are
                  | visible. [Xom's mischief]
  3578 | D:4      | Noticed Pikel
  3664 | D:4      | Found a runed translucent door.
  3665 | D:4      | Noticed Crazy Yiuf
  3708 | D:4      | Killed Crazy Yiuf
  3709 | D:4      | Reached skill level 1 in Fighting
  3817 | D:4      | Noticed Dowan
  3828 | D:4      | Noticed Duvessa
  3984 | D:4      | XOM: summons 2 hostile shadow creatures
  4041 | D:4      | XOM: give mutations
  4041 | D:4      | Gained mutation: You are agile. (Dex +4, Str/Int -1) [Xom's
                  | mischief]
  4041 | D:4      | Gained mutation: You are vulnerable to cold. (rC-) [Xom's
                  | mischief]
  4041 | D:4      | Lost mutation: A frigid envelope surrounds you and freezes
                  | all who hurt you. [Xom's mischief]
  4065 | D:4      | Noticed Ijyb
  4070 | D:4      | Noticed Sigmund
  4074 | D:4      | Killed Ijyb
  4091 | D:4      | Killed Pikel
  4092 | D:4      | Reached XP level 8. HP: 35/68 MP: 2/11
  4110 | D:4      | Killed Sigmund
  4111 | D:4      | Reached skill level 5 in Short Blades
  4470 | D:5      | Entered Level 5 of the Dungeon
  4502 | D:5      | XOM: summons 1 hostile demon
  4782 | D:5      | XOM: give mutations
  4782 | D:5      | Lost mutation: You are weak. (Str -2) [Xom's mischief]
  4782 | D:5      | Gained mutation: Your tail ends in a venomous barb. [Xom's
                  | mischief]
  4782 | D:5      | Gained mutation: You occasionally lose the ability to drink
                  | potions when taking damage. [Xom's mischief]
  4915 | D:5      | Reached skill level 1 in Evocations
  5079 | D:5      | XOM: scenery: 1 doors open, 1 doors close
  5236 | D:5      | Noticed Menkaure
  5240 | D:5      | Killed Menkaure
  5257 | D:5      | XOM: give mutations
  5257 | D:5      | Gained mutation: You possess an exceptional clarity of
                  | mind. [Xom's mischief]
  5257 | D:5      | Lost mutation: You have a pair of small antennae on your
                  | head. [Xom's mischief]
  5266 | D:5      | Reached XP level 9. HP: 48/74 MP: 7/12
  5782 | D:5      | Reached skill level 5 in Evocations
  5949 | D:6      | Reached skill level 1 in Long Blades
  5986 | D:6      | Found a staircase to the Ecumenical Temple.
  5986 | D:6      | XOM: 6-stop teleportation journey
  5999 | D:6      | Found a broken altar of Ashenzari.
  5999 | D:6      | XOM: 3-stop teleportation journey
  6010 | D:6      | Became a worshipper of Ashenzari the Shackled
  6074 | D:6      | XOM: summons 2 hostile demons
  6200 | D:6      | XOM: stat loss: -2 Int (24/26)
  6369 | D:6      | Found a hide-covered altar of Uskayaw.
  6961 | D:6      | XOM: divination: detect creatures
  7126 | D:7      | Found a radiant altar of Vehumet.
  7140 | D:7      | XOM: give mutations
  7140 | D:7      | Lost mutation: You are agile. (Dex +4, Str/Int -1) [Xom's
                  | mischief]
  7140 | D:7      | Gained mutation: You sometimes lose the ability to drink
                  | potions when taking damage. [Xom's mischief]
  7140 | D:7      | Gained mutation: Your muscles are strong. (Str +4, Int/Dex
                  | -1) [Xom's mischief]
  7302 | D:7      | XOM: 2-stop teleportation journey
  7360 | D:7      | Noticed Joseph
  7377 | D:7      | Killed Joseph
  7378 | D:7      | Reached skill level 5 in Long Blades
  7436 | D:7      | Reached XP level 10. HP: 57/81 MP: 3/13
  7527 | D:7      | Found a shimmering altar of Xom.
  7635 | D:7      | Found a flagged portal.
  7642 | Bailey   | Entered a bailey
  7733 | Bailey   | Reached * piety under Ashenzari
  7910 | Bailey   | Noticed a kobold demonologist
  7911 | Bailey   | Noticed a sixfirhy
  7915 | Bailey   | Killed a kobold demonologist
  8021 | Bailey   | Identified a scroll of acquirement
  8024 | Bailey   | Acquired the +0 barding of Egalitarianism {rF+ rC+ Int+3}
  8226 | Bailey   | XOM: noise
  8383 | Bailey   | Found an iron altar of Okawaru.
  8385 | Bailey   | Noticed a kobold demonologist
  8394 | Bailey   | Killed a kobold demonologist
  8515 | Bailey   | Reached skill level 10 in Long Blades
  8852 | D:7      | Identified the +4 mace "Zimil" {freeze, Int+3}
  9030 | D:7      | Noticed a cyclops
  9048 | D:7      | Killed a cyclops
  9094 | D:7      | Found a sacrificial altar of Ru.
  9405 | D:7      | XOM: torment (42/81 hp)
  9572 | D:8      | Noticed a cyclops
  9573 | D:8      | Upgraded the game from 0.31-a0-983-g7b6862f502 to
                  | 0.31-a0-986-g5e6e4ef867
  9578 | D:8      | Killed a cyclops
  9579 | D:8      | Reached XP level 11. HP: 85/87 MP: 3/14
  9686 | D:8      | Found an opulent altar of Gozag.
  9722 | D:8      | Reached ** piety under Ashenzari
  9842 | D:8      | XOM: 1-stop teleportation journey
  9866 | D:8      | Found Yrifur's Book Emporium.
 10066 | D:8      | Found a white marble altar of Elyvilon.
 10401 | D:8      | XOM: give mutation
 10401 | D:8      | Lost mutation: You possess an exceptional clarity of mind.
                  | [Xom's mischief]
 10434 | D:8      | Found a sacrificial altar of Ru.
 10434 | D:8      | XOM: noise
 10587 | D:9      | Found an iron altar of Okawaru.
 10956 | D:9      | XOM: confusion (+ monsters)
 11006 | D:9      | Was forgiven by Xom
 11111 | D:9      | Noticed Harold
 11122 | D:9      | Killed Harold
 11282 | D:9      | Reached *** piety under Ashenzari
 11468 | D:9      | Found an ancient bone altar of Kikubaaqudgha.
 11581 | D:9      | Noticed a manticore
 11596 | D:9      | Killed a manticore
 11597 | D:9      | Reached skill level 1 in Ice Magic
 11707 | D:10     | Identified the "Amuerchao"
 11707 | D:10     | Entered Level 10 of the Dungeon
 11927 | D:8      | Bought Ozocubu's Autobiography for 384 gold pieces
 11931 | D:8      | Learned a level 3 spell: Ozocubu's Armour
 12070 | D:10     | Found a staircase to the Lair.
 12081 | D:10     | Reached skill level 5 in Ice Magic
 12116 | D:10     | Noticed a two-headed ogre
 12121 | D:10     | Killed a two-headed ogre
 12282 | D:10     | Noticed an orange crystal statue
 12445 | D:10     | Found a transporter.
 12453 | D:10     | Found a transporter.
 12453 | D:10     | Noticed a moth of wrath
 12454 | D:10     | Noticed jasper's ghost (journeyman MeFi)
 12630 | D:10     | Noticed a two-headed ogre
 12640 | D:10     | Killed a two-headed ogre
 12641 | D:10     | Reached **** piety under Ashenzari
 12650 | D:10     | Learned a level 7 spell: Ozocubu's Refrigeration
 13079 | D:10     | Noticed a two-headed ogre
 13101 | D:10     | Killed a two-headed ogre
 13102 | D:10     | Reached XP level 12. HP: 85/99 MP: 7/18
 14032 | D:11     | Found Zutsiargh's Assorted Antiques.
 14040 | D:11     | Bought a scroll labelled HEIJOC WEIKH for 29 gold pieces
 14697 | D:11     | Noticed Snorg
 14717 | D:11     | Killed Snorg
 14812 | D:11     | Learned a level 3 spell: Ignite Poison
 14896 | Lair:1   | Entered Level 1 of the Lair of Beasts
 14927 | Lair:1   | Reached skill level 1 in Fire Magic
 15947 | Lair:2   | Reached skill level 10 in Ice Magic
 15960 | Lair:2   | Reached skill level 5 in Spellcasting
 16475 | Lair:2   | Gained mutation: You can use your snake-like lower body to
                  | constrict enemies. [Naga growth]
 16475 | Lair:2   | Reached XP level 13. HP: 13/108 MP: 23/25
 17453 | D:12     | Found a staircase to the Orcish Mines.
 17487 | Orc:1    | Entered Level 1 of the Orcish Mines
 17494 | Orc:1    | Noticed an orc warlord
 17508 | Orc:1    | Killed an orc warlord
 17698 | D:12     | Lost mutation: You sometimes lose the ability to drink
                  | potions when taking damage. [potion of mutation]
 17698 | D:12     | Lost mutation: You occasionally lose the ability to drink
                  | potions when taking damage. [potion of mutation]
 17698 | D:12     | Gained mutation: Your magical capacity is low. (-10% MP)
                  | [potion of mutation]
 17698 | D:12     | Gained mutation: You have a somewhat thin skeletal
                  | structure. (Dex +2, Stealth+) [potion of mutation]
 18335 | Orc:2    | Entered Level 2 of the Orcish Mines
 19654 | Orc:2    | Reached skill level 1 in Armour
 19751 | Orc:2    | Found a staircase to the Elven Halls.
 19925 | Orc:2    | Reached ***** piety under Ashenzari
 20135 | Orc:2    | Reached skill level 1 in Shields
 20141 | Orc:2    | Reached XP level 14. HP: 97/124 MP: 4/26
 20507 | Orc:2    | Found Aruolah's Antique Weapon Shoppe.
 20507 | Orc:2    | Found Xidwops's General Store.
 20509 | Orc:2    | Found Viril's Armour Shoppe.
 20509 | Orc:2    | Found Wosoromo's Antique Armour Shop.
 20517 | Orc:2    | Bought a scroll of teleportation for 39 gold pieces
 20517 | Orc:2    | Bought a potion of curing for 39 gold pieces
 20786 | D:13     | Reached skill level 5 in Shields
 22052 | D:13     | Found Diuk's Antique Armour Boutique.
 22265 | D:14     | Noticed Nessos
 22270 | D:14     | Killed Nessos
 22670 | D:14     | Noticed Stellion's ghost (journeyman MiFi)
 22670 | D:14     | Noticed a lich
 22865 | Lair:2   | Found a staircase to the Shoals.
 22877 | Lair:2   | Reached skill level 5 in Fighting
 23508 | Lair:3   | Noticed Amaemon
 23519 | Lair:3   | Killed Amaemon
 23812 | Lair:3   | Noticed Fannar
 23817 | Lair:3   | Killed Fannar
 23819 | Lair:3   | Found a hole to the Spider Nest.
 24795 | Lair:4   | Reached XP level 15. HP: 140/140 MP: 17/28
 25043 | Lair:4   | Reached ****** piety under Ashenzari
 25182 | Lair:4   | Reached skill level 6 in Stealth
 25386 | Lair:4   | Learned a level 3 spell: Frozen Ramparts
 25600 | Lair:4   | Reached skill level 7 in Stealth
 25747 | Lair:5   | Entered Level 5 of the Lair of Beasts
 25770 | Lair:5   | Reached skill level 8 in Stealth
 26301 | Lair:5   | Reached skill level 15 in Ice Magic
 27366 | Lair:5   | Reached XP level 16. HP: 149/150 MP: 23/30
 27769 | Lair:5   | Found a corrupted altar of Lugonu.
 27769 | Lair:5   | Found a one-way gate to the infinite horrors of the Abyss.
 28082 | Lair:5   | Found a viscous altar of Jiyva.
 28085 | Lair:5   | Found a staircase to the Slime Pits.
 28107 | Lair:5   | Found a bloodstained altar of Trog.
 30094 | D:14     | Reached skill level 10 in Spellcasting
 30280 | D:14     | Found a runed translucent door.
 30286 | D:14     | Found a runed translucent door.
 30320 | D:14     | Found a gate to the Vaults.
 31041 | D:10     | Killed jasper's ghost
 31278 | Spider:1 | Entered Level 1 of the Spider Nest
 32217 | D:8      | Bought a book of Ice for 800 gold pieces
 32227 | D:8      | Learned a level 9 spell: Polar Vortex
 33796 | Spider:2 | Reached XP level 17. HP: 159/159 MP: 28/32
 34493 | Spider:2 | Found a runed translucent gate.
 34494 | Spider:2 | Found a runed translucent gate.
 34759 | Spider:2 | Found a runed translucent gate.
 34762 | Spider:2 | Noticed Efitz's ghost (adept DECj)
 36442 | Spider:4 | Entered Level 4 of the Spider Nest
 36450 | Spider:4 | Noticed Bai Suzhen
 36596 | Spider:4 | Killed Bai Suzhen
 38981 | Spider:4 | Reached XP level 18. HP: 161/169 MP: 27/35
 39176 | Spider:4 | Got a gossamer rune of Zot
 39453 | Shoals:1 | Entered Level 1 of the Shoals
 40454 | Shoals:1 | Noticed Frances
 40458 | Shoals:1 | Killed Frances
 40639 | Shoals:1 | Noticed Josephine
 40644 | Shoals:1 | Killed Josephine
 40646 | Shoals:1 | Reached skill level 5 in Fire Magic
 40661 | Shoals:1 | Learned a level 8 spell: Ignition
 41198 | Shoals:2 | Noticed Ilsuiw
 41203 | Shoals:2 | Killed Ilsuiw
 42051 | Shoals:3 | Reached skill level 1 in Throwing
 42195 | Shoals:3 | Identified the +2 battleaxe "Inirchados" {holy, Dex+5}
 42216 | Shoals:3 | Found Qylliuh's Visitors' Centre.
 42328 | Shoals:3 | Found Qylliuh's Merfolk Magic.
 42328 | Shoals:3 | Found Qylliuh's Merfolk Armours.
 42328 | Shoals:3 | Found Qylliuh's Merfolk Weapons.
 42590 | Shoals:3 | Bought the amulet "Ceorch" {Reflect +Blink rC++ SH+5} for
                  | 1230 gold pieces
 43251 | Shoals:4 | Identified the "Betsyep"
 43251 | Shoals:4 | Entered Level 4 of the Shoals
 44333 | Shoals:4 | Reached skill level 10 in Fire Magic
 44475 | Shoals:4 | Reached XP level 19. HP: 176/176 MP: 21/36
 44577 | Shoals:4 | Noticed Mara
 44581 | Shoals:4 | Killed Mara
 44874 | Shoals:4 | Identified the ring of Teubb {rF+ rC- rN+ Will+ MP+9}
 45258 | Shoals:4 | Found a basalt altar of Yredelemnul.
 46788 | Shoals:4 | Got a barnacled rune of Zot
 46815 | Shoals:4 | Learned a level 1 spell: Apportation
 47116 | Vaults:5 | Identified the "Tedosm"
 47116 | Vaults:5 | Identified the of Supokkame
 47116 | Elf:1    | Entered Level 1 of the Elven Halls
 49293 | Elf:2    | Found Vaklebok's Book Boutique.
 49300 | Elf:2    | Paralysed by an air elemental for 1 turns
 49301 | Elf:2    | Noticed Zenata
 49309 | Elf:2    | Killed Zenata
 49660 | Elf:2    | Identified the +5 scale mail "Nahem" {rPois}
 49814 | Elf:2    | Found a runed translucent gate.
 49815 | Elf:2    | Found a runed translucent gate.
 49815 | Elf:2    | Found a runed translucent gate.
 50084 | Elf:3    | Identified the "Xamecy"
 50084 | Elf:3    | Entered Level 3 of the Elven Halls
 50084 | Elf:3    | Identified the +2 spear "Ytuheof" {pain, rN+}
 50546 | Elf:3    | Reached XP level 20. HP: 172/183 MP: 0/36
 50886 | Elf:3    | Found Vyujifusch's One-of-a-Kind Rings.
 50893 | Elf:3    | Bought the ring "Niosm" {rElec Will+ EV+5} for 1112 gold
                  | pieces
 51141 | Elf:3    | Identified the +3 leather armour "Qayreset" {-Tele rF+
                  | Dex+2 Stlth+}
 51601 | Elf:3    | Identified the ring "Sypedil" {Str+6 Slay+3}
 51692 | Elf:3    | Identified the +8 flail "Coosanan" {protect, Drain rPois
                  | Int+5}
 51692 | Elf:3    | Identified the amulet of the Genius {Acrobat Rampage}
 52206 | Orc:2    | Bought a wand of roots (5) for 156 gold pieces
 52206 | Orc:2    | Bought a potion of mutation for 104 gold pieces
 52206 | Orc:2    | Bought a phial of floods for 520 gold pieces
 52206 | Orc:2    | Acquired 723 gold pieces
 52289 | Elf:3    | Identified the +1 dagger of Aden {spect, *Noise +Blink rN++
                  | Int+3}
 52371 | Elf:3    | Reached skill level 15 in Fire Magic
 52631 | Elf:3    | Reached skill level 9 in Stealth
 52634 | Elf:3    | Reached skill level 10 in Stealth
 52651 | Elf:3    | Reached skill level 11 in Stealth
 52839 | Elf:3    | Reached skill level 12 in Stealth
 52844 | Elf:3    | Identified the ring of Rur Kuotint {rF+ Int+7}
 53605 | Zot:1    | Identified the "Ryent"
 53605 | Zot:1    | Identified the "Isizedut"
 53605 | Slime:1  | Entered Level 1 of the Pits of Slime
 53995 | Slime:3  | Noticed Dissolution
 53999 | Slime:3  | Killed Dissolution
 54242 | Slime:2  | Reached skill level 5 in Dodging
 54305 | Slime:3  | Reached skill level 5 in Armour
 54307 | Slime:3  | Reached skill level 13 in Stealth
 54660 | Slime:5  | Entered Level 5 of the Pits of Slime
 54660 | Slime:5  | Identified the +2 orcbow of Ecegh {drain, Str+5 Int-3
                  | Dex+3}
 54660 | Slime:5  | Identified the ring "Faosmop" {rElec rF- rC+ Str+5 Int+6}
 54660 | Slime:5  | Identified the +1 pair of boots "Uwogaor" {rF+ rC+ MP-9}
 54682 | Slime:5  | Reached skill level 14 in Stealth
 54783 | Slime:4  | Reached skill level 15 in Stealth
 54895 | Slime:5  | Reached skill level 16 in Stealth
 54895 | Slime:5  | Reached XP level 21. HP: 169/190 MP: 16/37
 55063 | Slime:5  | Found a viscous altar of Jiyva.
 55094 | Slime:5  | Noticed the Royal Jelly
 55266 | Slime:5  | Killed the Royal Jelly
 55267 | Slime:5  | Reached skill level 18 in Stealth
 55517 | Slime:5  | Identified the +1 robe "Ujenutako" {rPois Will+}
 55518 | Slime:5  | Identified the +2 long sword "Dualliwa" {flame, Will+ Str+3
                  | Stlth-}
 55644 | Slime:5  | Got a slimy rune of Zot
 55686 | Slime:5  | Identified the ring of Xoveserch {Contam rF+ rC+ Str+3}
 55686 | Slime:5  | Identified the +8 lajatang of Poverty {freeze, rF+}
 56148 | D:15     | Entered Level 15 of the Dungeon
 56168 | D:15     | Reached skill level 19 in Stealth
 56168 | D:15     | Found a staircase to the Depths.
 56310 | D:15     | Reached skill level 20 in Stealth
 56455 | D:15     | Found a flickering gateway to a bazaar.
 56462 | Bazaar   | Entered a bazaar
 56523 | Bazaar   | Found Ceoloun's Antique Armour Shop.
 56537 | Bazaar   | Found Fuohir's Antique Weapon Shop.
 56551 | Bazaar   | Found Diagh's Distillery.
 56557 | Bazaar   | Bought a potion of haste for 100 gold pieces
 56557 | Bazaar   | Bought 2 potions of curing for 60 gold pieces
 56557 | Bazaar   | Bought a potion of heal wounds for 50 gold pieces
 56557 | Bazaar   | Bought a potion of curing for 30 gold pieces
 56557 | Bazaar   | Bought a potion of invisibility for 80 gold pieces
 56565 | Bazaar   | Bought a potion of enlightenment for 50 gold pieces
 56565 | Bazaar   | Bought a potion of might for 40 gold pieces
 56707 | D:15     | Reached skill level 21 in Stealth
 56842 | D:15     | Noticed Kirke
 56848 | D:15     | Killed Kirke
 57687 | Depths:1 | Entered Level 1 of the Depths
 57691 | Depths:1 | Reached skill level 1 in Necromancy
 58368 | Depths:3 | Found a gateway to Hell.
 58392 | Depths:4 | Entered Level 4 of the Depths
 58720 | D:11     | Bought a lightning rod (4/4) for 1160 gold pieces
 58969 | Depths:4 | Noticed a juggernaut
 58972 | Depths:4 | Killed a juggernaut
 59138 | Depths:4 | Found Jadwol's Antique Armour Shop.
 59140 | Depths:4 | Found Ocoer's Antique Armour Boutique.
 59142 | Depths:4 | Found Ziomomic's Antique Armour Shop.
 59230 | Depths:4 | Bought an ichor-stained helmet for 161 gold pieces
 59230 | Depths:4 | Identified the +0 helmet "Renenim" {rPois Will+ Str+7} (You
                  | bought it in a shop on level 4 of the Depths)
 60236 | Depths:4 | Reached XP level 22. HP: 201/205 MP: 30/39
 60511 | Depths:4 | Reached skill level 10 in Shields
 60556 | Depths:4 | Reached skill level 22 in Stealth
 60643 | Depths:4 | Identified the +0 leather armour "Oqiucracw" {rPois Will+}
 61248 | Depths:4 | Noticed a golden dragon
 61251 | Depths:4 | Found a gate to the Realm of Zot.
 61261 | Depths:4 | Killed a golden dragon
 61296 | Zot:1    | Entered Level 1 of the Realm of Zot
 61571 | Zot:2    | Found a large runed translucent door.
 61571 | Zot:2    | Found a large runed translucent door.
 61572 | Zot:2    | Identified the +4 shortbow "Qedab" {heavy, rElec}
 61592 | Zot:2    | Noticed Sirjeffry24's ghost (legendary FoFi)
 61858 | Zot:3    | Noticed an orb of fire
 61861 | Zot:3    | Gained mutation: You are dopey. (Int -2) [an orb of fire]
 61867 | Zot:3    | Killed an orb of fire
 62308 | Zot:5    | Entered Level 5 of the Realm of Zot
 62837 | Zot:5    | Reached skill level 10 in Fighting
 63104 | Zot:5    | Noticed a dread lich
 63113 | Zot:5    | Killed a dread lich
 63219 | Zot:5    | Identified the +10 battleaxe of Fortitude {freeze, Will+}
 63247 | Zot:5    | Noticed an ancient lich
 63249 | Zot:5    | Noticed an orb of fire
 63250 | Zot:5    | Noticed a dread lich
 63250 | Zot:5    | Noticed a Killer Klown
 63251 | Zot:5    | Noticed an orb of fire
 63255 | Zot:5    | Noticed a dread lich
 63255 | Zot:5    | Noticed a dread lich
 63269 | Zot:5    | Noticed a Killer Klown
 63269 | Zot:5    | Noticed a Killer Klown
 63269 | Zot:5    | Noticed a curse toe
 63271 | Zot:5    | Got the Orb of Zot
 63272 | Zot:5    | Noticed an orb of fire
 63276 | Zot:5    | Noticed an orb of fire
 63276 | Zot:5    | Noticed a dread lich
 63282 | Zot:5    | Killed a Killer Klown
 63283 | Zot:5    | Reached skill level 23 in Stealth
 63477 | Zot:2    | Reached XP level 23. HP: 119/217 MP: 33/40
 63683 | Depths:4 | Noticed a seraph
 63692 | Depths:4 | Identified the +2 tower shield "Kacautubb" {+Blink rF+
                  | MP+9}
 63997 | D:5      | Noticed Ishraale the pandemonium lord
 64236 | D:$      | Escaped with the Orb!

Illustrated notes

Levels and vault maps discovered:
D:1:      heliophobic_arrival_battle_scene, layout_basic,
          hellmonk_ecumenical_altar_heavens_door
D:2:      layout_loops_ring, basic_altar
D:3:      minmay_recursive_quarters, layout_loops_ring,
          mainiacjoe_overflow_cross_hatched, serial_shops, shop
D:4:      layout_basic, uniq_robin, uniq_crazy_yiuf_cottage, uniq_sigmund,
          uniq_eustachio, uniq_pikel, uniq_ijyb, uniq_duvessa
D:5:      layout_gridville, sword_in_stone, uniq_menkaure
D:6:      layout_loops_corners, mainiacjoe_overflow_catwalk, lemuel_round_altar,
          minmay_temple_entry_arrows, dreamdust_mushroom_princess
D:7:      layout_gridville, vehumet_altar_wand_db, enter_bailey_4,
          hangedman_feature_mirror, amcnicky_mini_pool_medium, uniq_joseph
D:8:      layout_basic, lemuel_round_altar, elyvilon_altar_1,
          hangedman_ru_absence, serial_shops, shop
D:9:      layout_loops_ring, mainiacjoe_overflow_boulevard,
          kennysheep_okawaru_gauntlet, kennysheep_donut,
          kennysheep_generic_room_14, uniq_harold
D:10:     layout_loops_corners, minmay_lair_entry_grove,
          gammafunk_ghost_berserking_beasts, grunt_ministairs_9,
          minmay_protected_statue
D:11:     layout_irregular_city, serial_shops, shop_statue, uniq_snorg
D:12:     layout_basic, orc_0_dummy, serial_curves, eino_curves_01,
          eino_curves_04
D:13:     minmay_firetagon, layout_gridville, serial_shops, shop, serial_glass,
          glass_columns_b, glass_columns_a
D:14:     layout_basic, lightli_vaults_fourway_checkpoint,
          corexii_hall_statues_l, muffindrake_ghost_dual_entry, uniq_nessos
D:15:     hellmonk_depths_entry_around_the_bend, layout_stronghold,
          serial_shops, bzr_entry_lakeside, uniq_kirke
Lair:1:   layout_cave_pods, beast_lair_carwin_8, lemuel_fruit_tree
Lair:2:   layout_long_grid, elwin_shoals_entry_stream,
          nicolae_volcano_entry_two_sided, pond
Lair:3:   layout_chaotic_city, spider_nest_entry_web_field,
          cheibrodos_lair_reptile_den, uniq_amaemon, uniq_fannar
Lair:4:   layout_cave_shapes, chequers_serial_rivers_small_3
Lair:5:   hellmonk_lair_end_abyssal_woods, layout_layer_cave,
          dpeg_slime_entry_corner, basic_altar, dpeg_oklob_1
Shoals:1: layout_shoals, uniq_frances, uniq_josephine
Shoals:2: layout_shoals, nicolae_shoals_stone_sculpture_thing, uniq_ilsuiw
Shoals:3: nicolae_shoals_mermall, layout_shoals
Shoals:4: shoals_end_simple, layout_shoals, shoals_ilsuiw_ice,
          lemuel_centaur_altar, uniq_mara
Spider:1: layout_cave_pods
Spider:2: layout_chambers, gammafunk_ghost_necromancy
Spider:3: layout_spider_delve
Spider:4: floodkiller_spider_rune_tomb, hangedman_spider_tarantella_strand,
          uniq_bai_suzhen
Slime:1:  layout_caves, cheibrodos_slime_lost_civilization_6
Slime:2:  layout_caves
Slime:3:  layout_caves, dissolution_awaits
Slime:4:  layout_caves, cheibrodos_slime_lost_civilization_7
Slime:5:  slime_pit_nicolae_jellycorners
Orc:1:    emtedronai_trogs_sanctum, layout_diamond_mine, serial_shops,
          nicolae_shop_behind_doors
Orc:2:    grunt_orc_tribal_feast, layout_caves, guppyfry_orc_lava_fort
Elf:1:    minmay_elf_arrival_circle, layout_loops_corners,
          hangedman_elf_represent
Elf:2:    nicolae_elf_blades_splatter_lattice [nicolae_blade_tridents],
          layout_rooms, serial_shops, nicolae_shop_advertising_works
          [nicolae_subvault_shop_adworks], dreamdust_princess_corridor,
          uniq_zenata
Elf:3:    minmay_elf_hall_not_hex, layout_gridlike, nicolae_shop_unique_rings
Depths:1: layout_long_grid, evilmike_ruin_ashenzari, lightli_too_deep,
          lemuel_flame_loot_1
Depths:2: hellmonk_destroyed_diamonds, layout_honeycomb, enter_ziggurat_e,
          grunt_pan_entry_zigzag, hell_entry, kennysheep_nondescript,
          minmay_staircase_windowed_large
Depths:3: minmay_connected_boxes_in_corner, layout_cross, abyss_entry,
          hell_entry, minmay_misc_feat_more_columns
Depths:4: grunt_zot_entry_hairpin, layout_honeycomb, hell_entry,
          solitary_fountain, nrook_mini_vaults, minmay_shop_star,
          serial_bayou_shore_b
Zot:1:    dreamdust_zin_vs_xom, layout_gridlike, hangedman_player_shredder
Zot:2:    layout_concentric_octagons, ebering_ghost_disaster_area
Zot:3:    grunt_twist_and_shout, layout_onion_interference, bh_zot_ikea_curve,
          ebering_ghost_xom, regret_index_zotdec_serpentine_coiled,
          grunt_ministairs_4, regret_index_zotdec_onion_hex
Zot:4:    layout_basic
Zot:5:    layout_twisted_circle

Skill      XL: |  1  2  3  4  5  6  7  8  9 10 11 12 13 14 15 16 17 18 19 20 21 22 |
---------------+-------------------------------------------------------------------+-----
Stealth        | 4 5 8 16 21 23 | 23.1
Conjurations   | 1 |  1.2
Air Magic      | 1 |  1.3
Poison Magic   | 6 8 |  8.7
Fighting       | 2 4 6 7 9 10 | 10.5
Short Blades   | 4 6 |  6.5
Evocations     | 4 5 7 9 |  9.0
Long Blades    | 6 11 12 13 | 13.3
Ice Magic      | 7 11 13 16 18 19 21 | 21.0
Spellcasting   | 5 7 8 9 10 12 | 12.9
Fire Magic     | 2 10 13 15 | 15.0
Transmutations | 2 |  2.3
Armour         | 1 3 5 6 7 |  7.9
Shields        | 3 7 8 9 10 | 10.9
Dodging        | 3 5 6 7 |  7.9
Throwing       | 4 |  4.0
Necromancy     | 2 |  2.0

Action                     |  1- 3 |  4- 6 |  7- 9 | 10-12 | 13-15 | 16-18 | 19-21 | 22-24 || total
---------------------------+-------+-------+-------+-------+-------+-------+-------+-------++-------
  Melee: Unarmed           |    12 |       |       |       |       |       |       |       ||    12
         Dagger            |     4 |    76 |    85 |       |       |       |       |       ||   165
         Demon blade       |       |       |    64 |   373 |   657 |   350 |   447 |   231 ||  2122
         Staff             |       |       |    35 |       |       |       |       |       ||    35
         Rapier            |       |       |     8 |       |       |       |       |       ||     8
         Punch             |       |       |     3 |     3 |     4 |       |       |       ||    10
         Constrict         |       |       |       |       |   124 |    85 |    48 |    26 ||   283
   Cast: Sting             |    44 |    32 |    18 |     7 |       |       |       |       ||   101
         Olgreb's Toxic Ra |       |     5 |    20 |    78 |    85 |   113 |    45 |     8 ||   354
         Mephitic Cloud    |       |       |     5 |    17 |    14 |     2 |       |       ||    38
         Ozocubu's Armour  |       |       |       |    20 |    41 |    12 |    11 |     7 ||    91
         Ignite Poison     |       |       |       |     4 |    34 |    75 |    27 |     7 ||   147
         Ozocubu's Refrige |       |       |       |       |    46 |   142 |   175 |    25 ||   388
         Polar Vortex      |       |       |       |       |       |    37 |    43 |    21 ||   101
         Ignition          |       |       |       |       |       |       |    30 |    12 ||    42
         Apportation       |       |       |       |       |       |       |       |     1 ||     1
 Invoke: Renounce Religion |     1 |       |       |       |       |       |       |       ||     1
         Curse Item        |       |       |     1 |     7 |     3 |     1 |     5 |       ||    17
         Shatter the Chain |       |       |       |     1 |       |     1 |     5 |       ||     7
Ability: Spit Poison       |    19 |     7 |     9 |    39 |    62 |    96 |    49 |     5 ||   286
  Evoke: Wand              |       |       |    10 |    12 |    16 |    10 |     9 |    16 ||    73
         Condenser vane    |       |       |       |       |       |     1 |     2 |       ||     3
         Lightning rod     |       |       |       |       |       |       |       |     3 ||     3
         Sack of spiders   |       |       |       |       |       |       |       |     1 ||     1
    Use: Potion            |     1 |       |     2 |     4 |     1 |     1 |       |    23 ||    32
         Scroll            |       |       |     3 |     7 |     5 |     2 |     6 |    18 ||    41
   Stab: Sleeping          |       |     7 |     4 |     4 |     1 |     1 |    10 |     4 ||    31
         Confused          |       |       |     2 |     8 |     3 |       |       |       ||    13
         Paralysed         |       |       |     2 |     3 |     2 |       |     2 |       ||     9
         Distracted        |       |       |       |     1 |     1 |       |     2 |     1 ||     5
         Invisible         |       |       |       |       |     1 |     1 |     1 |       ||     3
 Armour: Robe              |    18 |    27 |    98 |   140 |       |       |   174 |   239 ||   696
         Ring mail         |       |     4 |       |       |       |       |       |       ||     4
         Acid dragon scale |       |       |       |   179 |   396 |   392 |   124 |       ||  1091
  Dodge: Dodged            |     9 |    78 |   124 |   207 |   251 |   174 |   139 |   128 ||  1110
  Block: Kite shield       |       |       |       |       |   316 |   339 |   367 |   272 ||  1294
         Reflection        |       |       |       |       |       |       |    34 |     2 ||    36

Table legend: (Time is in decaauts)
 A = Elapsed time spent in this place.
 B = Non-inter-level travel time spent in this place.
 C = Inter-level travel time spent in this place.
 D = Time resting spent in this place.
 E = Time spent auto-exploring this place.
 F = Levels seen in this place.
 G = Mean time per level.
                   A        B        C        D        E       F      G
               +--------+--------+--------+--------+--------+-----+--------+
         Total |  76219 |  69536 |   6683 |  15310 |  40755 |  49 | 1555.5 |
       Dungeon |  26958 |  23911 |   3047 |   2544 |  17389 |  15 | 1797.2 |
          Lair |  11303 |   9672 |   1631 |   2286 |   5749 |   5 | 2260.6 |
        Shoals |   8126 |   7873 |    253 |   2125 |   4503 |   4 | 2031.5 |
   Spider Nest |   9174 |   8718 |    456 |   1344 |   5920 |   4 | 2293.5 |
    Slime Pits |   2397 |   2322 |     75 |   1306 |     40 |   5 |  479.4 |
  Orcish Mines |   3427 |   2953 |    474 |   1055 |   1339 |   2 | 1713.5 |
   Elven Halls |   6931 |   6490 |    441 |   1604 |   3681 |   3 | 2310.3 |
        Depths |   3907 |   3616 |    291 |   1363 |   1355 |   4 |  976.8 |
           Zot |   2569 |   2557 |     12 |   1192 |    415 |   5 |  513.8 |
        Bazaar |    146 |    146 |      0 |      0 |    108 |   1 |  146.0 |
        Bailey |   1276 |   1276 |      0 |    489 |    253 |   1 | 1276.0 |
               +--------+--------+--------+--------+--------+-----+--------+

Top non-repeatable levels by time:
  Lair:5: 3972 daAuts
Depths:4: 3034 daAuts
    D:10: 2899 daAuts
   Elf:3: 2893 daAuts
Shoals:3: 2871 daAuts
   Orc:2: 2626 daAuts
Shoals:4: 2522 daAuts
    D:14: 2498 daAuts
   Elf:1: 2463 daAuts
Spider:1: 2455 daAuts
Spider:4: 2369 daAuts
  Lair:2: 2216 daAuts
Spider:2: 2181 daAuts
Spider:3: 2168 daAuts
    D:15: 1989 daAuts
